[Event "January 2 Early 2024"]
[Site "https://www.chess.com"]
[Date "2024.01.02"]
[Round "3"]
[White "Sharapov, Evgeny"]
[Black "Coelho, Ramyres Santana"]
[Result "1-0"]
[Board "142"]
[TimeControl "180+1"]
[WhiteFideId "14103133"]
[BlackFideId "2120690"]
[WhiteElo "2553"]
[BlackElo "2293"]
[WhiteTeam "UKR"]
[BlackTeam "BRA"]
[WhiteClock "0:00:10"]
[BlackClock "0:00:08"]

1. e4 c5 2. Nf3 d6 3. d4 cxd4 4. Nxd4 Nf6 5. Nc3 a6 6. g3 e6 7. Bg2 Be7 8. a4 O-O 9. O-O Qc7 10. Re1 Nc6 11. Nb3 b6 12. f4 Bb7 13. Kh1 Na5 14. Nxa5 bxa5 15. g4 Rac8 16. g5 Nd7 17. Qg4 f5 18. gxf6 Rxf6 19. Be3 Rg6 20. Qh3 Rf8 21. Rg1 Nc5 22. Bf3 Rff6 23. Rxg6 Rxg6 24. Rg1 Rxg1+ 25. Kxg1 Bc8 26. Qg2 Qd7 27. b3 Qc7 28. Qd2 Bf6 29. Bd4 Bxd4+ 30. Qxd4 Bb7 31. Kg2 Qe7 32. Ne2 e5 33. fxe5 dxe5 34. Qc4+ Kh8 35. Ng3 g6 36. Qc3 h5 37. Qe3 Kh7 38. Nf1 Qh4 39. Nd2 Ne6 40. Qa7 Nf4+ 41. Kf1 Qe7 42. Nc4 Kh6 43. Nxa5 Qh4 44. Qf2 Qh3+ 45. Ke1 Qd7 46. Nxb7 Qxb7 47. Qc5 Qd7 48. Qxe5 Ne6 49. Qd5 Qf7 50. Qd2+ g5 51. Be2 Nf4 52. Bc4 Qf6 53. Bd3 Qa1+ 54. Qd1 Qd4 55. Qf3 Qa1+ 56. Kd2 Qd4 57. e5 Qxe5 58. Qc6+ Kg7 59. Qxa6 Nd5 60. Qa7+ Kf6 61. Qf2+ Kg7 62. Kd1 Qa1+ 63. Ke2 Nf4+ 64. Kf3 Qh1+ 65. Ke3 Qd5 66. h4 Qc5+ 67. Kf3 g4+ 68. Kg3 Nxd3 69. cxd3 Qe5+ 70. Kg2 Qd5+ 71. Kg1 Qxb3 72. Qd4+ Kg6 73. Qe4+ Kg7 74. Qe5+ Kg6 75. Qg5+ Kf7 76. Qxh5+ Ke7 77. Qxg4 Qxd3 78. h5 Qb1+ 79. Kg2 Qa2+ 80. Kg3 Qb3+ 81. Kh4 Qb1 82. h6 Qh1+ 83. Kg5 Qc1+ 84. Kh5 Qh1+ 85. Qh4+ Qxh4+ 86. Kxh4 Kf6 87. a5 Kg6 88. a6 Kxh6 89. a7 Kg7 90. a8=Q Kf6 91. Qc6+ Ke7 92. Kg5 Kd8 93. Qb7 Ke8 94. Kf6 Kd8 95. Ke6 Ke8 96. Qc8# 1-0

[Event "January 2 Early 2024"]
[Site "https://www.chess.com"]
[Date "2024.01.02"]
[Round "3"]
[White "Womacka, Mathias"]
[Black "Antonio, Jorge Carlos"]
[Result "1-0"]
[Board "143"]
[TimeControl "180+1"]
[WhiteFideId "4611390"]
[BlackFideId "113190"]
[WhiteElo "2549"]
[BlackElo "2292"]
[WhiteTeam "GER"]
[BlackTeam "ARG"]
[WhiteClock "0:01:09"]
[BlackClock "0:01:20"]

1. e4 c6 2. d4 d5 3. Nd2 dxe4 4. Nxe4 Bf5 5. Ng3 Bg6 6. h4 h6 7. Nf3 e6 8. Ne5 Bh7 9. Bd3 Bxd3 10. Qxd3 Nf6 11. Bd2 Nbd7 12. f4 Be7 13. O-O-O Qc7 14. Kb1 Nxe5 15. fxe5 Nd5 16. Ne4 O-O-O 17. c4 Nb4 18. Bxb4 Bxb4 19. c5 Qd7 20. Qb3 Ba5 21. Nd6+ Kb8 22. Rhf1 Rhf8 23. Rf3 f5 24. Qa4 Bc7 25. Ra3 a6 26. Nxb7 a5 27. Nxa5 Bxa5 28. Qxa5 Qb7 29. Rb3 Rd7 30. Qa4 g5 31. hxg5 hxg5 32. Rxb7+ Kxb7 33. Rd3 Rb8 34. Rb3+ Kc8 35. Qxc6+ Rc7 36. Qe8# 1-0

[Event "January 2 Early 2024"]
[Site "https://www.chess.com"]
[Date "2024.01.02"]
[Round "3"]
[White "Cardozo Munar, Carlos Eduardo"]
[Black "Ismayil, Malak"]
[Result "0-1"]
[Board "144"]
[TimeControl "180+1"]
[WhiteFideId "4409477"]
[BlackFideId "13412604"]
[WhiteElo "2292"]
[BlackElo "2548"]
[WhiteTeam "COL"]
[BlackTeam "AZE"]
[WhiteClock "0:00:13"]
[BlackClock "0:00:04"]

1. d4 Nf6 2. Bg5 e6 3. e4 d6 4. Nd2 Be7 5. Bd3 h6 6. Bh4 e5 7. c3 Nc6 8. a3 exd4 9. cxd4 Nxd4 10. Ne2 Nxe2 11. Qxe2 O-O 12. O-O Nd7 13. Bg3 Bf6 14. Nc4 Re8 15. Ne3 Nc5 16. Rac1 Bxb2 17. Rxc5 dxc5 18. Qxb2 Qxd3 19. Nd5 Qxe4 20. Nxc7 Bd7 21. Nxa8 Rxa8 22. f3 Qd5 23. h4 Bc6 24. Kh2 Rd8 25. Re1 Qd2 26. Qe5 Bxf3 27. Rg1 Bc6 28. Qxc5 a6 29. Qf2 Qc3 30. Rf1 Rd7 31. Qf4 Qxa3 32. Re1 Rd8 33. Re3 Qa2 34. Bf2 Rd2 35. Kg3 Rd8 36. Kh2 Qd5 37. Kg3 Qxg2# 0-1

[Event "January 2 Early 2024"]
[Site "https://www.chess.com"]
[Date "2024.01.02"]
[Round "3"]
[White "Nechitaylo, Nikita"]
[Black "Hernando Rodrigo, Julio Antonio"]
[Result "1-0"]
[Board "145"]
[TimeControl "180+1"]
[WhiteFideId "34138161"]
[BlackFideId "2208350"]
[WhiteElo "2290"]
[BlackElo "2548"]
[WhiteTeam "UKR"]
[BlackTeam "ESP"]
[WhiteClock "0:00:24"]
[BlackClock "0:01:10"]

1. d4 Nf6 2. c4 e6 3. Nc3 Bb4 4. e3 O-O 5. Ne2 Re8 6. a3 Bf8 7. b4 d5 8. Bb2 b6 9. Ng3 c5 10. dxc5 bxc5 11. cxd5 cxb4 12. axb4 Bxb4 13. dxe6 Bxe6 14. Bb5 Nbd7 15. O-O Qb6 16. Ra6 Qc7 17. Nce4 Nxe4 18. Nxe4 Red8 19. Qd4 Bf8 20. Rc1 Nc5 21. Nf6+ Kh8 22. Qh4 Bf5 23. Nxh7 Nxa6 24. Nf6+ Bh7 25. Qxh7# 1-0

[Event "January 2 Early 2024"]
[Site "https://www.chess.com"]
[Date "2024.01.02"]
[Round "3"]
[White "Monpeurt, Cyrielle"]
[Black "Jeet, Jain"]
[Result "0-1"]
[Board "146"]
[TimeControl "180+1"]
[WhiteFideId "677400"]
[BlackFideId "5073022"]
[WhiteElo "2286"]
[BlackElo "2547"]
[WhiteTeam "FRA"]
[BlackTeam "IND"]
[WhiteClock "0:01:45"]
[BlackClock "0:02:30"]

1. Nf3 Nc6 2. b3 d5 3. Bb2 Bf5 4. e3 a6 5. Be2 e6 6. O-O Nf6 7. Nh4 Bg6 8. Nxg6 hxg6 9. c4 dxc4 10. bxc4 Bd6 11. g3 g5 12. d4 Qd7 13. Qa4 e5 14. c5 Qh3 0-1

[Event "January 2 Early 2024"]
[Site "https://www.chess.com"]
[Date "2024.01.02"]
[Round "3"]
[White "Coro, Lucas"]
[Black "Deveci, Huseyin Said"]
[Result "0-1"]
[Board "147"]
[TimeControl "180+1"]
[WhiteFideId "147222"]
[BlackFideId "26322455"]
[WhiteElo "2543"]
[BlackElo "2286"]
[WhiteTeam "ARG"]
[BlackTeam "TUR"]
[WhiteClock "0:00:01"]
[BlackClock "0:00:02"]

1. e4 c5 2. Nf3 e6 3. d4 cxd4 4. Nxd4 a6 5. Bd3 Bc5 6. Nb3 Ba7 7. Qf3 Nc6 8. Be3 Qf6 9. Qxf6 Nxf6 10. Bxa7 Rxa7 11. N1d2 d5 12. c3 O-O 13. Rd1 Rd8 14. Ke2 Ne5 15. Bc2 Bd7 16. f4 Bb5+ 17. Kf2 Nfg4+ 18. Kg3 Ne3 19. fxe5 Nxc2 20. Nd4 Nxd4 21. cxd4 Bc6 22. Kf4 Raa8 23. Rc1 dxe4 24. Ke3 Rd7 25. Nxe4 Bxe4 26. Kxe4 Rad8 27. Rhd1 f6 28. exf6 gxf6 29. g4 Kf7 30. a4 Kg6 31. Rc5 Rd6 32. a5 b6 33. axb6 Rxb6 34. Rd2 Rdd6 35. h4 Rb4 36. h5+ Kh6 37. Ke3 Rb3+ 38. Kf4 Rb4 39. Ke3 Rb3+ 40. Rc3 Rb4 41. Rc7 Rb3+ 42. Kf4 Rb4 43. Ke4 e5 44. Kf5 Rbxd4 45. Rxd4 exd4 46. Rc2 d3 47. Rd2 Rd4 48. Kxf6 Rxg4 49. Rxd3 Kxh5 50. Rd7 h6 51. Rd3 Rg2 52. b3 Kh4 53. Rd4+ Rg4 54. Rd5 h5 55. Ra5 Kh3 56. Rxa6 h4 57. Ra2 Rb4 58. Rb2 Kg3 59. Kg5 h3 60. Rb1 h2 61. Kf5 Kg2 62. Rb2+ Kg1 63. Rb1+ Kg2 64. Rb2+ Kg3 65. Rb1 Kf2 66. Ke5 Kg2 67. Kd5 h1=Q 68. Rxh1 Kxh1 0-1

[Event "January 2 Early 2024"]
[Site "https://www.chess.com"]
[Date "2024.01.02"]
[Round "3"]
[White "Jahnz, Fabian"]
[Black "Jaiveer Mahendru"]
[Result "1/2-1/2"]
[Board "148"]
[TimeControl "180+1"]
[WhiteFideId "4653300"]
[BlackFideId "25611151"]
[WhiteElo "2283"]
[BlackElo "2542"]
[WhiteTeam "GER"]
[BlackTeam "IND"]
[WhiteClock "0:00:07"]
[BlackClock "0:00:19"]

1. e4 c5 2. Nf3 d6 3. Bb5+ Nd7 4. O-O a6 5. Bxd7+ Bxd7 6. Qe2 g6 7. Rd1 Bg7 8. c3 Nh6 9. d4 cxd4 10. cxd4 O-O 11. Nc3 b5 12. a3 Rc8 13. h3 Rc4 14. Bf4 Kh8 15. Bg3 Bc8 16. Nd5 Bb7 17. Ne3 Rc7 18. Ng4 Ng8 19. e5 Qd7 20. Ng5 dxe5 21. dxe5 Qc6 22. f3 h6 23. Ne4 h5 24. Ne3 Rfc8 25. e6 Qxe6 26. Bxc7 Rxc7 27. Rac1 Rxc1 28. Rxc1 Bxe4 29. fxe4 Qxe4 30. Qf3 Qxf3 31. gxf3 Bxb2 32. Rc6 Bxa3 33. Rxa6 Bc5 34. Kf2 Nf6 35. Ke2 Kg7 36. Ra5 Bd6 37. Rxb5 Nd7 38. Rb7 Ne5 39. Nd5 e6 40. Nc3 Bc5 41. Ne4 Bd4 42. Nd6 Kf6 43. Ne8+ Kf5 44. Nd6+ Kf6 45. Ne4+ Kg7 46. h4 Nc6 47. Ng5 Nd8 48. Rd7 Bf6 49. Kd3 Bxg5 50. hxg5 Nc6 51. Ke4 Nb4 52. Rd1 Nd5 53. Rh1 f6 54. gxf6+ Kxf6 55. f4 Nc3+ 56. Kd3 Nd5 57. Ke4 Kf7 58. Rg1 Kf6 59. Rh1 1/2-1/2

[Event "January 2 Early 2024"]
[Site "https://www.chess.com"]
[Date "2024.01.02"]
[Round "3"]
[White "Vanek, Tomas"]
[Black "Prithu Gupta"]
[Result "0-1"]
[Board "149"]
[TimeControl "180+1"]
[WhiteFideId "313459"]
[BlackFideId "46618546"]
[WhiteElo "2272"]
[BlackElo "2542"]
[WhiteTeam "CZE"]
[BlackTeam "IND"]
[WhiteClock "0:00:52"]
[BlackClock "0:02:15"]

1. e4 e5 2. Nc3 Ne7 3. f4 exf4 4. Nf3 d5 5. d4 Nbc6 6. Bxf4 Bg4 7. Bb5 dxe4 8. d5 exf3 9. gxf3 Bd7 10. dxc6 Bxc6 11. Bxc6+ Nxc6 12. Qe2+ Be7 13. Rg1 O-O 14. Ne4 f5 15. Bh6 Bb4+ 16. c3 Qh4+ 17. Ng3 Qxh6 18. cxb4 Rae8 19. Ne4 fxe4 20. Qc4+ Kh8 0-1

[Event "January 2 Early 2024"]
[Site "https://www.chess.com"]
[Date "2024.01.02"]
[Round "3"]
[White "Player, Edmund C"]
[Black "Kambrath, Yannick"]
[Result "0-1"]
[Board "150"]
[TimeControl "180+1"]
[WhiteFideId "406520"]
[BlackFideId "20632525"]
[WhiteElo "2271"]
[BlackElo "2539"]
[WhiteTeam "ENG"]
[BlackTeam "FRA"]
[WhiteClock "0:00:25"]
[BlackClock "0:00:10"]

1. e4 e5 2. Nf3 Nc6 3. Bc4 Bc5 4. d3 Nf6 5. c3 a6 6. Nbd2 d6 7. O-O Na5 8. Re1 Nxc4 9. Nxc4 O-O 10. d4 exd4 11. cxd4 Bb4 12. Bd2 Bxd2 13. Nfxd2 d5 14. Ne5 Be6 15. exd5 Bxd5 16. Ndc4 Re8 17. Ne3 Be6 18. Qd3 c6 19. b3 a5 20. Rad1 a4 21. Re2 Nd5 22. Nxd5 Bxd5 23. b4 a3 24. Rdd2 Qd6 25. Qc3 b5 26. f3 Re6 27. Kf2 Ra4 28. Qc5 Rxb4 29. Re3 Ra4 30. f4 g6 31. g3 Kg7 32. Qb6 Qe7 33. Qb8 Qe8 34. Qc7 Ra8 35. Qb6 Rb8 36. Qc5 Qe7 37. Qc3 Ra8 38. Qc5 Qxc5 39. dxc5 b4 40. Rd4 Rb8 41. Re2 b3 42. axb3 Bxb3 43. Ra4 Bxa4 44. Re3 a2 45. Ra3 Rb1 46. Rxa2 Bb3 47. Ra3 Bd5 48. Ke3 Rb2 49. Ra7 Rxe5+ 50. fxe5 Rxh2 51. e6 Bxe6 52. Kd4 Rh3 53. Ke5 h5 54. Kd6 Rxg3 55. Kxc6 h4 56. Kd6 h3 57. c6 Rc3 58. c7 h2 59. Ra1 g5 60. Rh1 Rc2 61. Ke7 g4 62. Kd8 g3 63. Rxh2 gxh2 64. c8=Q Rxc8+ 65. Ke7 Re8+ 66. Kxe8 Bd7+ 67. Ke7 h1=Q 68. Kd8 Be8 69. Ke7 f5 70. Ke6 f4 71. Ke5 f3 72. Ke6 f2 73. Ke7 f1=Q 74. Kd8 Bg6 75. Ke7 Bh7 76. Ke8 Qhg2 77. Ke7 Qge2+ 78. Kd7 Qfd1+ 79. Kc7 Qec2+ 80. Kb7 Qdb1+ 81. Ka7 Qca2# 0-1

[Event "January 2 Early 2024"]
[Site "https://www.chess.com"]
[Date "2024.01.02"]
[Round "3"]
[White "Rodriguez Avila, Alvaro"]
[Black "Rangel, Daniel"]
[Result "0-1"]
[Board "151"]
[TimeControl "180+1"]
[WhiteFideId "24570249"]
[BlackFideId "2124475"]
[WhiteElo "2266"]
[BlackElo "2535"]
[WhiteTeam "ESP"]
[BlackTeam "BRA"]
[WhiteClock "0:00:00"]
[BlackClock "0:00:23"]

1. e4 c5 2. Nf3 g6 3. d4 cxd4 4. Nxd4 Bg7 5. c4 Nc6 6. Be3 Nf6 7. Nc3 O-O 8. Be2 Nxd4 9. Bxd4 d6 10. O-O Bd7 11. h3 Bc6 12. Qc2 a5 13. Rad1 Qc7 14. f4 Nd7 15. Bxg7 Kxg7 16. f5 Ne5 17. Kh1 f6 18. Qc1 g5 19. Qe3 b6 20. Rc1 Rh8 21. Nd5 Bxd5 22. cxd5 Qb7 23. Rc3 Rac8 24. Rfc1 Rc5 25. a3 a4 26. Bd1 Qa8 27. Qd4 Rhc8 28. Bxa4 Rxc3 29. Rxc3 Rxc3 30. bxc3 b5 31. Bxb5 Qxa3 32. Bf1 Qc1 33. Kg1 h5 34. c4 g4 35. hxg4 hxg4 36. Kf2 g3+ 37. Kg1 Ng4 38. Qd3 Qf4 39. Qf3 Qxf3 40. gxf3 Ne3 41. Be2 Kh6 42. f4 Kg7 43. Bd3 Kf8 44. Be2 Ke8 45. e5 Kd8 46. c5 dxc5 47. d6 c4 48. dxe7+ Kxe7 49. e6 c3 0-1

[Event "January 2 Early 2024"]
[Site "https://www.chess.com"]
[Date "2024.01.02"]
[Round "3"]
[White "Novikov, Evgenij"]
[Black "Fernandez Hernandez, Gerardo"]
[Result "0-1"]
[Board "152"]
[TimeControl "180+1"]
[WhiteFideId "4125380"]
[BlackFideId "2207400"]
[WhiteElo "2534"]
[BlackElo "2254"]
[WhiteTeam "RUS"]
[BlackTeam "ESP"]
[WhiteClock "0:00:00"]
[BlackClock "0:00:07"]

1. e4 e6 2. Nf3 d5 3. e5 c5 4. d4 cxd4 5. Qxd4 Nc6 6. Qf4 Nge7 7. Bd3 Ng6 8. Qg3 Be7 9. h4 Qc7 10. h5 Ngxe5 11. Qxg7 Nxf3+ 12. gxf3 Qe5+ 13. Qxe5 Nxe5 14. Be2 Bd7 15. f4 Nc4 16. b3 Nd6 17. Bb2 Rg8 18. Nd2 O-O-O 19. O-O-O Kb8 20. Bd3 h6 21. Rdg1 Bb5 22. Bxb5 Nxb5 23. Bg7 Rc8 24. Nb1 Bf8 25. Be5+ Bd6 26. Kd2 Bxe5 27. fxe5 Nd4 28. Rxg8 Rxg8 29. Ke3 Nxc2+ 30. Kf3 Nd4+ 31. Ke3 Nc2+ 32. Kf3 Nb4 33. Re1 Nxa2 34. Na3 Nb4 35. Nb5 a6 36. Nd6 Nc6 37. Kf4 Kc7 38. f3 Rf8 39. Kg3 f6 40. f4 fxe5 41. fxe5 Nxe5 42. Nxb7 Nd3 43. Rd1 Nf2 44. Rf1 Ne4+ 45. Kg2 Rxf1 46. Kxf1 Kxb7 0-1

[Event "January 2 Early 2024"]
[Site "https://www.chess.com"]
[Date "2024.01.02"]
[Round "3"]
[White "Kilpatrick, Callum"]
[Black "Slavin, Alexey"]
[Result "1-0"]
[Board "153"]
[TimeControl "180+1"]
[WhiteFideId "414425"]
[BlackFideId "24104388"]
[WhiteElo "2533"]
[BlackElo "2249"]
[WhiteTeam "ENG"]
[BlackTeam "RUS"]
[WhiteClock "0:00:15"]
[BlackClock "0:00:00"]

1. e4 Nc6 2. Nf3 d6 3. d4 Nf6 4. Nc3 Bg4 5. Be3 a6 6. h3 Bh5 7. d5 Ne5 8. g4 Nxf3+ 9. Qxf3 Bg6 10. O-O-O b5 11. Bd3 h5 12. Qg2 b4 13. Ne2 e5 14. dxe6 fxe6 15. f4 Bf7 16. g5 Nd7 17. Nd4 c5 18. Nf3 Qa5 19. Kb1 O-O-O 20. g6 Bg8 21. Ng5 Qc7 22. Bxa6+ Kb8 23. Bc4 Re8 24. Rd2 Nb6 25. Bb5 Rd8 26. Rhd1 Be7 27. Nf7 Bxf7 28. gxf7 Bf6 29. b3 Bc3 30. Rd3 Qxf7 31. Rxd6 Rxd6 32. Rxd6 Qc7 33. Rc6 Qb7 34. Bxc5 Nd7 35. Bd6+ Ka7 36. Ra6+ Qxa6 37. Bxa6 Kxa6 38. e5 Nb6 39. a3 Nd5 40. axb4 Rc8 41. Qxg7 Kb6 42. Bc5+ Kc6 43. Qa7 Rc7 44. Qa6+ Kd7 45. Qd6+ Kc8 46. Qxe6+ Rd7 47. Qc6+ Kd8 48. e6 Rg7 49. Qxd5+ Kc8 50. f5 Rg1+ 51. Bxg1 1-0

[Event "January 2 Early 2024"]
[Site "https://www.chess.com"]
[Date "2024.01.02"]
[Round "3"]
[White "Tifferet, Shakked"]
[Black "Gottstein, Claudius-Thomas"]
[Result "1-0"]
[Board "154"]
[TimeControl "180+1"]
[WhiteFideId "2811529"]
[BlackFideId "4653327"]
[WhiteElo "2531"]
[BlackElo "2237"]
[WhiteTeam "ISR"]
[BlackTeam "GER"]
[WhiteClock "0:02:26"]
[BlackClock "0:01:42"]

1. d4 d5 2. Nf3 c5 3. c3 cxd4 4. cxd4 Nc6 5. Nc3 g6 6. Bf4 a6 7. h4 Bg7 8. h5 Nf6 9. h6 Bf8 10. Ne5 Qb6 11. Na4 Qxd4 12. Nxc6 Qxd1+ 13. Rxd1 bxc6 14. Nb6 Bb7 15. Nxa8 Bxa8 16. e3 Bb7 17. Rd3 Nd7 18. Rb3 Nc5 19. Rb6 Bc8 20. Rxc6 1-0

[Event "January 2 Early 2024"]
[Site "https://www.chess.com"]
[Date "2024.01.02"]
[Round "3"]
[White "Yashmetov, Mikhail"]
[Black "Harper, Ryan"]
[Result "1/2-1/2"]
[Board "156"]
[TimeControl "180+1"]
[WhiteFideId "24198900"]
[BlackFideId "7700156"]
[WhiteElo "2529"]
[BlackElo "2223"]
[WhiteTeam "RUS"]
[BlackTeam "TTO"]
[WhiteClock "0:01:46"]
[BlackClock "0:00:42"]

1. Nf3 Nf6 2. b3 g6 3. Bb2 Bg7 4. e4 d6 5. Nc3 O-O 6. Be2 c5 7. O-O Nc6 8. d3 Bg4 9. Ne1 Bxe2 10. Nxe2 e5 11. c4 a6 12. Nc2 b5 13. Ne3 Nd4 14. Bxd4 exd4 15. Nd5 Nxd5 16. cxd5 f5 17. Nf4 Qd7 18. Ne6 Rf7 19. Qe2 Re8 20. Rae1 b4 21. exf5 Rxf5 22. Nxc5 Rxe2 23. Nxd7 Rfxf2 24. Rxe2 Rxe2 25. Nb6 Rxa2 26. Nc4 Bf8 27. Rf2 Ra1+ 28. Rf1 Ra2 29. Rf2 Ra1+ 30. Rf1 Ra2 1/2-1/2

[Event "January 2 Early 2024"]
[Site "https://www.chess.com"]
[Date "2024.01.02"]
[Round "3"]
[White "Lye, Sverre"]
[Black "Kochiev, Ivan"]
[Result "0-1"]
[Board "157"]
[TimeControl "180+1"]
[WhiteFideId "1539353"]
[BlackFideId "2917890"]
[WhiteElo "2216"]
[BlackElo "2529"]
[WhiteTeam "NOR"]
[BlackTeam "BUL"]
[WhiteClock "0:00:13"]
[BlackClock "0:01:00"]

1. e4 d5 2. exd5 Qxd5 3. Nc3 Qa5 4. d4 c6 5. Nf3 Nf6 6. Bc4 Bg4 7. h3 Bh5 8. g4 Bg6 9. Ne5 Nbd7 10. Nxd7 Nxd7 11. h4 h5 12. g5 e6 13. Bd2 Qb6 14. Qe2 Qxd4 15. O-O-O O-O-O 16. Be3 Qe5 17. Bxa7 Qxe2 18. Bxe2 b6 19. Bf3 Kb7 20. Rd2 Be7 21. Rhd1 Ne5 22. Bxc6+ Nxc6 23. Nb5 Rxd2 24. Rxd2 Rd8 25. Rxd8 Bxd8 0-1

[Event "January 2 Early 2024"]
[Site "https://www.chess.com"]
[Date "2024.01.02"]
[Round "3"]
[White "Bodnar, Nikolay"]
[Black "Kohler, Aran"]
[Result "1-0"]
[Board "158"]
[TimeControl "180+1"]
[WhiteFideId "14106469"]
[BlackFideId "1002856"]
[WhiteElo "2527"]
[BlackElo "2214"]
[WhiteTeam "UKR"]
[BlackTeam "NED"]
[WhiteClock "0:01:15"]
[BlackClock "0:00:05"]

1. Nf3 Nf6 2. c4 Nc6 3. d4 e6 4. Bg5 Bb4+ 5. Nbd2 Ne7 6. Bxf6 gxf6 7. a3 Bxd2+ 8. Qxd2 d5 9. e3 c6 10. Rc1 f5 11. Be2 Bd7 12. Qb4 b6 13. Qd6 Qb8 14. Qxb8+ Rxb8 15. Kd2 Rg8 16. g3 f6 17. b4 dxc4 18. Bxc4 Kf7 19. Rc2 Rbd8 20. Rhc1 Ng6 21. Ke2 Ke7 22. a4 Rb8 23. b5 cxb5 24. Bxb5 Rgc8 25. Rc7 Rxc7 26. Rxc7 Rd8 27. Rxa7 Kd6 28. Nd2 Bxb5+ 29. axb5 Rd7 30. Nc4+ Ke7 31. Rxd7+ Kxd7 32. Nxb6+ Kc7 33. Nc4 Ne7 34. f3 Nd5 35. Kd3 h5 36. e4 fxe4+ 37. fxe4 Ne7 38. h4 f5 39. e5 Nd5 40. Nd6 Kb6 41. Kc4 Ne3+ 42. Kb4 Nf1 43. Nc4+ Kb7 44. Kc5 Nxg3 45. Nd6+ Kb8 46. b6 Ne4+ 47. Kc6 Nc3 48. Nb5 Nxb5 49. Kxb5 f4 50. Kc4 f3 51. Kd3 Kb7 52. d5 Kxb6 53. d6 Kc6 54. Ke3 f2 55. Kxf2 Kd7 56. Kf3 1-0

[Event "January 2 Early 2024"]
[Site "https://www.chess.com"]
[Date "2024.01.02"]
[Round "3"]
[White "Matyunin, Maxim"]
[Black "Montano Vicente, Guadalupe"]
[Result "1-0"]
[Board "159"]
[TimeControl "180+1"]
[WhiteFideId "34106682"]
[BlackFideId "5181399"]
[WhiteElo "2521"]
[BlackElo "2190"]
[WhiteTeam "RUS"]
[BlackTeam "MEX"]
[WhiteClock "0:01:21"]
[BlackClock "0:00:04"]

1. d4 Nf6 2. Nf3 g6 3. c4 Bg7 4. Nc3 O-O 5. Bg5 c5 6. d5 e6 7. e3 exd5 8. cxd5 d6 9. Be2 a6 10. a4 Nbd7 11. O-O Re8 12. Qc2 Qc7 13. h3 Ne5 14. Nxe5 Rxe5 15. Bf4 Bf5 16. Qb3 Ree8 17. a5 Rab8 18. Rad1 b5 19. axb6 Rxb6 20. Qa4 Reb8 21. Qa5 Qa7 22. Na4 Rb4 23. Bxd6 Rd8 24. Qxd8+ 1-0

[Event "January 2 Early 2024"]
[Site "https://www.chess.com"]
[Date "2024.01.02"]
[Round "3"]
[White "Dargan, Paul A G"]
[Black "Przybylski, Wojciech"]
[Result "0-1"]
[Board "160"]
[TimeControl "180+1"]
[WhiteFideId "416762"]
[BlackFideId "1117599"]
[WhiteElo "2189"]
[BlackElo "2519"]
[WhiteTeam "ENG"]
[BlackTeam "POL"]
[WhiteClock "0:00:00"]
[BlackClock "0:00:39"]

1. e4 e5 2. Nf3 Nc6 3. Bc4 Nf6 4. d4 Nxe4 5. O-O d5 6. Bb5 exd4 7. Nxd4 Bd7 8. Re1 Bc5 9. Bxc6 bxc6 10. f3 f5 11. fxe4 fxe4 12. Rf1 Qh4 13. c3 Bd6 14. g3 Qh3 15. Bf4 O-O-O 16. Qa4 Bc5 17. Nd2 Bb6 18. b4 Rde8 19. Nb3 g5 20. Bxg5 Rhg8 21. Bf4 Ref8 22. Nc5 Rxf4 23. Rxf4 Rxg3+ 24. hxg3 Qxg3+ 25. Kh1 Qxf4 26. Qa6+ Kd8 0-1

[Event "January 2 Early 2024"]
[Site "https://www.chess.com"]
[Date "2024.01.02"]
[Round "3"]
[White "Von Buelow, Georg"]
[Black "Goncalves, Davi Sulzbacher"]
[Result "0-1"]
[Board "161"]
[TimeControl "180+1"]
[WhiteFideId "4620658"]
[BlackFideId "2154510"]
[WhiteElo "2182"]
[BlackElo "2518"]
[WhiteTeam "GER"]
[BlackTeam "BRA"]
[WhiteClock "0:00:48"]
[BlackClock "0:01:01"]

1. e4 c5 2. Nf3 Nc6 3. d4 cxd4 4. Nxd4 Nf6 5. Nc3 e5 6. Ndb5 d6 7. Bg5 a6 8. Na3 b5 9. Bxf6 gxf6 10. Nd5 f5 11. c3 Bg7 12. exf5 Bxf5 13. Nc2 O-O 14. Nce3 Be6 15. Bd3 f5 16. Bc2 Ra7 17. Qh5 Raf7 18. g4 e4 19. Rd1 Ne5 20. gxf5 Bxf5 21. Rg1 Nf3+ 22. Ke2 Nxg1+ 23. Rxg1 Bg6 24. Rxg6 Rxf2+ 25. Ke1 hxg6 26. Qxg6 Qh4 0-1

[Event "January 2 Early 2024"]
[Site "https://www.chess.com"]
[Date "2024.01.02"]
[Round "3"]
[White "Guzman Lozano, Campo Elias"]
[Black "Kopczynski, Michal"]
[Result "0-1"]
[Board "162"]
[TimeControl "180+1"]
[WhiteFideId "4403746"]
[BlackFideId "1124200"]
[WhiteElo "2182"]
[BlackElo "2517"]
[WhiteTeam "COL"]
[BlackTeam "POL"]
[WhiteClock "0:00:00"]
[BlackClock "0:01:29"]

1. e4 b6 2. d4 Bb7 3. Nc3 e6 4. a3 Nf6 5. Bd3 d5 6. e5 Nfd7 7. Nce2 c5 8. c3 Nc6 9. f4 Qc7 10. Nf3 O-O-O 11. Be3 h6 12. Rc1 f5 13. exf6 gxf6 14. O-O e5 15. fxe5 fxe5 16. dxe5 Ndxe5 17. Nxe5 Nxe5 18. Bf5+ Kb8 19. Bf4 Bd6 20. Kh1 Rdf8 21. Bh3 Nc4 22. Bxd6 Qxd6 23. Ng3 Nxb2 24. Qh5 Nd3 25. Rxf8+ Rxf8 26. Rf1 Rxf1+ 27. Nxf1 Nf2+ 28. Kg1 Nxh3+ 29. Qxh3 d4 30. cxd4 cxd4 31. Qh5 a5 32. h3 d3 33. Qe8+ Ka7 34. Qe3 Qxa3 35. Qxh6 Qc5+ 36. Kh2 Qf2 37. Ne3 d2 38. Qg5 Qxe3 39. Qxe3 d1=Q 40. h4 Qg4 0-1

[Event "January 2 Early 2024"]
[Site "https://www.chess.com"]
[Date "2024.01.02"]
[Round "3"]
[White "Lehtosaari, Mauri"]
[Black "Adelman, Charles"]
[Result "1/2-1/2"]
[Board "163"]
[TimeControl "180+1"]
[WhiteFideId "501999"]
[BlackFideId "2003597"]
[WhiteElo "2517"]
[BlackElo "2180"]
[WhiteTeam "FIN"]
[BlackTeam "USA"]
[WhiteClock "0:00:18"]
[BlackClock "0:00:16"]

1. d4 Nf6 2. c4 e6 3. Nc3 c5 4. d5 exd5 5. cxd5 d6 6. Nf3 g6 7. Bf4 a6 8. a4 Bg7 9. h3 O-O 10. e3 Qe7 11. Be2 Nbd7 12. O-O Ne8 13. Nd2 Nc7 14. Nc4 Ne5 15. Re1 Nxc4 16. Bxc4 Rb8 17. Qc2 b5 18. axb5 axb5 19. Be2 b4 20. Ne4 Ne8 21. Rac1 Bf5 22. Bf3 Bxe4 23. Bxe4 Nf6 24. Bf3 Nd7 25. b3 Ra8 26. Qc4 Ra5 27. e4 Ne5 28. Bg3 Nxf3+ 29. gxf3 Bc3 30. Red1 f6 31. Kg2 Rfa8 32. Rc2 Ra2 33. Rdc1 Rxc2 34. Rxc2 Ra1 35. Re2 Kg7 36. f4 Bd4 37. h4 h5 38. Qd3 Qb7 39. Qf3 Ra3 40. e5 fxe5 41. fxe5 dxe5 42. Bxe5+ Bxe5 43. Rxe5 Qf7 44. Qd3 Ra2 45. Qg3 Qf6 46. Re6 Qf5 47. Re7+ Kf8 48. d6 Qd5+ 49. Qf3+ Qxf3+ 50. Kxf3 Rd2 51. Re6 Kf7 52. Re5 Rxd6 53. Rxc5 Rd3+ 54. Kf4 Rxb3 55. Rc7+ Kf6 56. Rc6+ Kg7 57. Kg5 Rf3 58. Rc7+ Kf8 59. Kxg6 Rxf2 60. Rc8+ Ke7 61. Rb8 Rb2 62. Kxh5 Kd6 63. Kh6 Kc5 64. h5 Kc4 65. Kh7 Rh2 66. h6 b3 67. Kg7 Kc3 68. h7 Rxh7+ 69. Kxh7 b2 70. Rxb2 Kxb2 1/2-1/2

[Event "January 2 Early 2024"]
[Site "https://www.chess.com"]
[Date "2024.01.02"]
[Round "3"]
[White "Yushko, Olga"]
[Black "Manukyan, Artyom"]
[Result "0-1"]
[Board "164"]
[TimeControl "180+1"]
[WhiteFideId "14114500"]
[BlackFideId "13305786"]
[WhiteElo "2180"]
[BlackElo "2515"]
[WhiteTeam "UKR"]
[BlackTeam "ARM"]
[WhiteClock "0:00:39"]
[BlackClock "0:00:41"]

1. d4 d5 2. c4 e6 3. cxd5 exd5 4. Nc3 Nf6 5. Nf3 c6 6. Bg5 Be7 7. e3 Bf5 8. Bd3 Bxd3 9. Qxd3 O-O 10. O-O Nbd7 11. a3 a5 12. Rab1 Ne4 13. Bf4 Ndf6 14. Rfc1 Re8 15. h3 h6 16. Ne5 Nxc3 17. Rxc3 a4 18. Qc2 Ne4 19. Rd3 Bd6 20. f3 Nf6 21. b4 Nh5 22. Bh2 f6 23. Ng4 Bxh2+ 24. Kxh2 Qd6+ 25. Kg1 Ng3 26. b5 h5 27. Nf2 Re6 28. bxc6 bxc6 29. Rb6 Rae8 30. Nd1 Nf5 31. Qc1 Qg3 32. Rxc6 Nh4 33. Rc2 Nxf3+ 34. Kf1 Qe1# 0-1